 Dungeon Crawl Stone Soup version 0.32-a0-931-g5a2cda0630 (webtiles) character file.

Game seed: 14589553071177126204

2953 croobank the Trooper (level 9, -3/79 HPs)
             Began as a White Draconian Shapeshifter on Apr 13, 2024.
             Was an Initiate of Kikubaaqudgha.
             Slain by Amaemon
             ... wielding a -2 demon whip of venom
              (7 damage)
             ... on level 7 of the Dungeon.
             The game lasted 00:32:57 (8438 turns).

croobank the Trooper (White Draconian Shapeshifter) Turns: 8438, Time: 00:32:57

Health: -3/79      AC:  7    Str: 16    XL:     9   Next: 52%
Magic:  18/18      EV: 13    Int: 15    God:    Kikubaaqudgha [......]
Gold:   260        SH:  5    Dex: 11    Spells: 8/8 levels left

rFire   . . .        i - +1 dagger (venom)
rCold   + . .        (no shield)
rNeg    . . .        (body armour unavailable)
rPois   .            (helmet currently unavailable)
rElec   .            (cloak currently unavailable)
rCorr   .            (gloves currently unavailable)
SInv    .            (boots currently unavailable)
Will    .....        n - amulet of reflection
Stlth   +            z - ring of magical power
HPRegen 0.33/turn    (no ring)
MPRegen 0.16/turn

%: reflection
@: lethally poisoned (-3 -> -24), beast-form, slowed, invisible, very slow
A: beast (slay +3), glacial breath, AC +7, unfitting armour, cold resistance 1,
cold-blooded
a: Glacial Breath, Begin Untransformation, Renounce Religion


You were on level 7 of the Dungeon.
You worshipped Kikubaaqudgha.
Kikubaaqudgha was noncommittal.
You were a hulking beast.
You visited 2 branches of the dungeon, and saw 9 of its levels.

You collected 355 gold pieces.
You spent 95 gold pieces at shops.

Inventory:

Hand Weapons
 i - a +1 dagger of venom (weapon)
 m - a +0 dagger of holy wrath
 o - a +0 sling
 w - a +2 vampiric whip
Missiles
 v - a boomerang (quivered)
Armour
 u - a +0 helmet
 y - an orb of mayhem
Magical Staves
 x - a staff of fire
Jewellery
 n - an amulet of reflection (around neck)
 z - a ring of magical power (left hand)
Talismans
 b - a beast talisman (active)
 c - a flux talisman
Wands
 d - a wand of paralysis (10)
 q - a wand of flame (24)
Scrolls
 l - 3 scrolls of teleportation
 p - a scroll of amnesia
 r - a scroll of torment {unknown}
 s - 3 scrolls of blinking
 A - a scroll of fog
 B - a scroll of identify
Potions
 a - a potion of lignification
 e - 2 potions of invisibility
 f - a potion of mutation
 g - 6 potions of curing
 h - a potion of cancellation {unknown}
 j - 2 potions of enlightenment {unknown}
 k - a potion of haste {unknown}
 t - 2 potions of ambrosia {unknown}


   Skills:
 + Level 7.2 Fighting
 + Level 6.3 Dodging
 + Level 7.2 Unarmed Combat
 + Level 6.8 Shapeshifting


You had 8 spell levels left.
You didn't know any spells.
Your spell library contained the following spells:

 Spells                   Type           Power      Damage    Failure   Level
 Static Discharge         Conj/Air       0%         3-3/arc   38%         2
 Airstrike                Air            0%         2d(0-16)  95%         4
 Summon Lightning Spire   Summ/Air       0%         N/A       95%         4
 Chain Lightning          Conj/Air       0%         N/A       100%        9
 Fire Storm               Conj/Fire      0%         5d1       100%        9
 Shatter                  Erth           0%         3d5*      100%        9


Dungeon Overview and Level Annotations

Branches:
Dungeon (8/15)             Temple (1/1) D:6
   Lair: D:8-11

Altars:
Ashenzari
Cheibriados
Dithmenos
Elyvilon
Fedhas
Gozag
Hepliaklqana
Kikubaaqudgha
Makhleb
Nemelex Xobeh
Okawaru
Qazlal
Ru
Sif Muna
Trog
Uskayaw
Vehumet
Wu Jian
Xom
Yredelemnul
The Shining One

Shops:
D:1 (   D:4 *   D:5 [   D:7 [

Annotations:
D:7 Amaemon


Innate Abilities, Weirdness & Mutations

You are a hulking beast.
Your limbs bulge with bestial killing power. (Slay +3)
You can breathe waves of cold which freeze foes solid.
Your icy white scales are hard. (AC +7)
You cannot fit into any form of body armour.
Your flesh is cold resistant. (rC+)
You are cold-blooded and may be slowed by cold attacks.


Message History

Amaemon barely misses you.
You hit Amaemon.
Amaemon looks as sick as possible!
Amaemon is lightly wounded.
You feel very sick.
The scorpion stings you but does no damage.
You block Amaemon's attack. Amaemon misses you.
Amaemon tail-slaps you but does no damage.
The scorpion stings you.
* * * LOW HITPOINT WARNING * * *
You are lethally poisoned!
You have difficulty breathing.
* * * LOW HITPOINT WARNING * * *
You feel yourself slow down.
You feel better.
Amaemon whispers, "Once I find the ORB, I'll be cured.
I'll be normal again!"
Amaemon closely misses you. You block Amaemon's attack. Amaemon tail-slaps you.
* * * LOW HITPOINT WARNING * * *
You are lethally poisoned!
Amaemon poisons you! The scorpion stings you.
* * * LOW HITPOINT WARNING * * *
Amaemon barely misses you. x2
Amaemon tail-slaps you but does no damage.
You feel better. The scorpion stings you.
You are poisoned.
You have difficulty breathing.
* * * LOW HITPOINT WARNING * * *
You feel as though you will be slow longer.
Amaemon closely misses you. Amaemon claws you!
* * * LOW HITPOINT WARNING * * *
Amaemon closely misses you. You block the scorpion's attack.
You fade into invisibility!
* * * LOW HITPOINT WARNING * * *
You feel very sick. The scorpion barely misses you. You block Amaemon's attack.
Amaemon closely misses you. Amaemon completely misses you.
The scorpion barely misses you. Amaemon hits you but does no damage.
You are more poisoned.
Amaemon claws you!
You die...
Kikubaaqudgha rasps: You have failed me!
Welcome... death!

.# #...#.##.###.# #.######
.###.#.#.##...#.# #......#
.....#.#.####.#.# ######.#
##.###.#.# #.#.## #.#
##.###.#.# #..).# #.#
#........# #....# #.#
...###.### #....#######.###
#.####.######.#..s.........#
#.............(.h6.......#.#
.....####.#####.##########.#
#..........## #.# #.#
####.##.#.#.###.# #.#
#.#.##.##.##.###### #.#
#.................# #.#
###.##.##.##.####.# #.#
##.#.#.###.# #.# #.#
##...####.# #.# #.#


You could see Amaemon (unable to see you, extremely poisoned) and a scorpion
(summoned, curare, unable to see you).

Vanquished Creatures
  Prince Ribbit (D:7)
  Grinder (D:4)
  A wyvern (D:7)
  Menkaure (D:4)
  Duvessa (D:4)
  An orc warrior (D:6)
  2 black bears (D:6)
  3 ice beasts
  A sky beast (D:7)
  A centaur (D:7)
  An ogre (D:6)
  A phantom (D:6)
  5 scorpions
  Dowan (D:4)
  A killer bee (D:7)
  A howler monkey (D:6)
  4 bombardier beetles
  2 hounds
  3 orc priests
  Jessica (D:3)
  2 iguanas
  13 orc wizards
  Ijyb (D:4)
  6 gnolls
  7 adders
  A shadow imp (D:7)
  A white imp (D:6)
  4 ufetubi (D:6)
  3 dart slugs
  A ribbon worm (D:3)
  15 orcs
  9 bats
  3 endoplasms
  2 giant cockroaches
  6 hobgoblins
  2 kobolds (D:3)
  5 quokkas
  13 ball pythons
  2 frilled lizards
  5 goblins
  7 rats
141 creatures vanquished.

Vanquished Creatures (others)
  An orc wizard (D:4)
1 creature vanquished.

Grand Total: 142 creatures vanquished

Notes
Turn   | Place    | Note
-------+----------+-------------------------------------------
     0 | D:1      | croobank the Draconian Shapeshifter began the quest for the
                  | Orb.
     0 | D:1      | Reached XP level 1. HP: 16/16 MP: 1/1
   217 | D:1      | Reached XP level 2. HP: 23/23 MP: 2/2
   404 | D:1      | Found Ketzowke's Antique Weapon Emporium.
  1022 | D:2      | Reached XP level 3. HP: 29/29 MP: 3/3
  1713 | D:3      | Noticed Jessica
  1730 | D:3      | Killed Jessica
  1731 | D:3      | Reached XP level 4. HP: 20/36 MP: 4/4
  2081 | D:3      | Reached XP level 5. HP: 7/42 MP: 5/5
  2806 | D:4      | Reached XP level 6. HP: 48/51 MP: 6/6
  3149 | D:4      | Found a snail-covered altar of Cheibriados.
  3238 | D:4      | Noticed Menkaure
  3256 | D:4      | Killed Menkaure
  3509 | D:4      | Your scales start taking on an icy white colour.
  3509 | D:4      | Reached XP level 7. HP: 54/59 MP: 7/7
  3509 | D:4      | Gained mutation: Your flesh is cold resistant. (rC+) [White
                  | Draconian growth]
  3791 | D:4      | Reached skill level 5 in Unarmed Combat
  3992 | D:4      | Noticed Grinder
  4005 | D:4      | Paralysed by Grinder for 2 turns
  4009 | D:4      | Killed Grinder
  4010 | D:4      | Reached skill level 5 in Shapeshifting
  4297 | D:4      | Found Kausiorunk's General Store.
  4347 | D:4      | Bought a scroll of identify for 20 gold pieces
  4347 | D:4      | Bought a scroll of blinking for 75 gold pieces
  4472 | D:4      | Found a hide-covered altar of Uskayaw.
  4493 | D:4      | Noticed Ijyb
  4495 | D:4      | Noticed Dowan
  4513 | D:5      | Entered Level 5 of the Dungeon
  4546 | D:5      | Reached skill level 5 in Fighting
  4546 | D:5      | Reached XP level 8. HP: 67/68 MP: 8/8
  4941 | D:5      | Found Coryruqi's Antique Armour Shop.
  5324 | D:5      | Found a hazy altar of Hepliaklqana.
  5326 | D:5      | Found a shimmering altar of Xom.
  5327 | D:5      | Found a sacrificial altar of Ru.
  5344 | D:5      | Found a burning altar of Makhleb.
  5347 | D:5      | Found a shimmering blue altar of Sif Muna.
  5351 | D:5      | Found a broken altar of Ashenzari.
  5352 | D:5      | Found a white marble altar of Elyvilon.
  5357 | D:5      | Found a radiant altar of Vehumet.
  5358 | D:5      | Found an ornate altar of the Wu Jian Council.
  5359 | D:5      | Found an opulent altar of Gozag.
  5901 | D:4      | Noticed Duvessa
  5904 | D:4      | Killed Duvessa
  5905 | D:4      | Reached skill level 5 in Dodging
  5919 | D:4      | Killed Dowan
  6222 | D:4      | Killed Ijyb
  6716 | D:6      | Found a basalt altar of Yredelemnul.
  6722 | D:6      | Found a glowing golden altar of the Shining One.
  6724 | D:6      | Noticed an angel
  6786 | D:6      | Reached XP level 9. HP: 72/78 MP: 9/9
  7039 | D:6      | Found a staircase to the Ecumenical Temple.
  7047 | Temple   | Entered the Ecumenical Temple
  7060 | Temple   | Became a worshipper of Kikubaaqudgha
  7994 | D:7      | Found Kuhievir's Antique Armour Boutique.
  8172 | D:7      | Noticed Prince Ribbit
  8181 | D:7      | Killed Prince Ribbit
  8380 | D:8      | Noticed a two-headed ogre
  8425 | D:8      | Noticed Amaemon
  8425 | D:8      | Noticed an orange demon
  8438 | D:7      | Slain by Amaemon

Illustrated notes

Levels and vault maps discovered:
D:1:      dpeg_arrival_line_fractal, layout_basic, serial_shops,
          nicolae_shop_rolling_square, minmay_misc_feat_cross,
          wad_floor_pattern_1, minmay_split_cup_small
D:2:      layout_basic
D:3:      layout_basic, uniq_jessica
D:4:      layout_cave_pods, kennysheep_mini, nicolae_uskayaw_suspiria,
          serial_shops, shop, minmay_a_box_with_orc_wizards_in_it, uniq_duvessa,
          uniq_ijyb, uniq_grinder, uniq_menkaure
D:5:      layout_basic, nicolae_overflow_hallway_of_the_gods, serial_shops,
          nicolae_shop_just_a_little_nook
D:6:      layout_basic, grunt_temple_overflow_holy_war,
          minmay_temple_entry_nine_rooms
D:7:      layout_loops_ring, serial_shops, nicolae_shop_behind_doors,
          uniq_prince_ribbit1
D:8:      minmay_chambers_of_sixes, layout_rooms, minmay_manual_mullet,
          uniq_amaemon
Temple:   nicolae_temple_superstar

Skill      XL: |  1  2  3  4  5  6  7  8  9 |
---------------+----------------------------+-----
Dodging        | 2 3 4 5 6 |  6.3
Fighting       | 2 3 4 5 6 7 |  7.2
Unarmed Combat | 4 5 6 7 |  7.2
Shapeshifting  | 4 5 6 |  6.8

Action                     |  1- 3 |  4- 6 |  7- 9 || total
---------------------------+-------+-------+-------++-------
  Melee: Unarmed           |    40 |       |       ||    40
         Tailslap          |     9 |    20 |    57 ||    86
         Dagger            |    49 |   101 |   363 ||   513
Ability: Glacial Breath    |       |       |     6 ||     6
  Evoke: Wand              |       |       |     3 ||     3
    Use: Scroll            |     1 |     2 |     6 ||     9
         Potion            |       |     1 |     3 ||     4
   Stab: Sleeping          |     2 |     1 |     2 ||     5
         Distracted        |       |     1 |       ||     1
 Armour: Skin              |    50 |    50 |   215 ||   315
  Dodge: Dodged            |    42 |    49 |   175 ||   266
  Block: Other             |       |       |    59 ||    59

Table legend: (Time is in decaauts)
 A = Elapsed time spent in this place.
 B = Non-inter-level travel time spent in this place.
 C = Inter-level travel time spent in this place.
 D = Time resting spent in this place.
 E = Time spent auto-exploring this place.
 F = Levels seen in this place.
 G = Mean time per level.
                   A        B        C        D        E       F      G
               +--------+--------+--------+--------+--------+-----+--------+
         Total |   8436 |   8163 |    273 |   1498 |   5312 |   9 |  937.3 |
       Dungeon |   8409 |   8161 |    248 |   1498 |   5312 |   8 | 1051.1 |
        Temple |     26 |      1 |     25 |      0 |      0 |   1 |   26.0 |
               +--------+--------+--------+--------+--------+-----+--------+

Top non-repeatable levels by time:
     D:4: 2324 daAuts
     D:5: 1395 daAuts
     D:3: 1195 daAuts
     D:6: 1062 daAuts
     D:7: 943 daAuts
     D:1: 876 daAuts
     D:2: 606 daAuts
  Temple: 26 daAuts
     D:8: 4 daAuts
